EVO
WICHITA STATE UNIVERSITY SHOCKERS @ UNIVERSITY OF MICHIGAN WOLVERINES
08/02/2049
 
TOP OF THE 1ST
Wichita State University Shockers batting - Pitching for University of Michigan Wolverines : RHP Henrik Berg
Pitching: RHP Henrik Berg
Batting: RHB Kyle Gill 0-0: Foul Ball, location: 2F
0-1: Foul Ball, location: 2F
0-2: SINGLE (Line Drive, 56D, EV 100.0 MPH)
Batting: RHB Byron Whitehead 0-0: Called Strike
0-1: Ball
1-1: Ball
Kyle Gill steals 2nd base
2-1: Fly out, F9 (Flyball, 9D, EV 91.9 MPH)
Runner from 2nd tags up, SAFE at 3rd, no throw by RF
Batting: RHB Marvin Coffey 0-0: Ball
1-0: Swinging Strike
1-1: Called Strike
1-2: Ball
2-2: Foul Ball, location: 2F
2-2: Foul Ball, location: 2F
2-2: Foul Ball, location: 2F
2-2: Ball
3-2: 2-RUN HOME RUN (Flyball, 78XD, EV 103.8 MPH), Distance : 434 ft
Batting: RHB Jason Adelstein 0-0: Called Strike
0-1: Fly out, F7 (Line Drive, 7, EV 98.8 MPH)
Batting: RHB Lucio Baratta 0-0: Called Strike
0-1: Called Strike
0-2: Ground out U3 (Groundball, 3, EV 100.0 MPH)
Top of the 1st over - 2 runs, 2 hits, 0 errors, 0 left on base; Wichita State University 2 - University of Michigan 0
BOTTOM OF THE 1ST
University of Michigan Wolverines batting - Pitching for Wichita State University Shockers : LHP Joe Seaborn
Pitching: LHP Joe Seaborn
Batting: RHB Gerard Gordijn 0-0: Ball
1-0: Foul Ball, location: 2F
1-1: Fly out, F6 (Popup, 56D, EV 45.0 MPH)
Batting: RHB Walter Fisher 0-0: Called Strike
0-1: Ground out 6-3 (Groundball, 6, EV 106.9 MPH)
Batting: RHB Mike Harden 0-0: Ball
1-0: Ball
2-0: Called Strike
2-1: Foul Ball, location: 2F
2-2: Ball
3-2: DOUBLE (Line Drive, 7LM, EV 111.2 MPH)
Batting: RHB Allan Dunn 0-0: SINGLE (Groundball, 4D, EV 103.8 MPH)
Mike Harden to third
Runner from 3rd tries for Home, SAFE, throw by CF to home
Batting: RHB Angus Shanahan 0-0: Fielders Choice at 2nd, 6-4 (Groundball, 6, EV 101.2 MPH)
Bottom of the 1st over - 1 run, 2 hits, 0 errors, 1 left on base; Wichita State University 2 - University of Michigan 1
TOP OF THE 2ND
Wichita State University Shockers batting - Pitching for University of Michigan Wolverines : RHP Henrik Berg
Batting: RHB Jeff Grant 0-0: Ball
1-0: Swinging Strike
1-1: Foul Ball, location: 2F
1-2: Foul Ball, location: 2F
1-2: Strikes out swinging
Batting: LHB Kyle Lee 0-0: SOLO HOME RUN (Flyball, 89XD, EV 101.9 MPH), Distance : 433 ft
Batting: SHB Mike Chafe 0-0: Called Strike
0-1: Ball
1-1: Swinging Strike
1-2: Foul Ball, location: 2F
1-2: Strikes out swinging
Batting: RHB Joe Succo 0-0: Ball
1-0: Swinging Strike
1-1: Foul Ball, location: 2F
1-2: SINGLE (Groundball, 56, EV 93.8 MPH)
Batting: RHB Kyle Gill 0-0: Ball
1-0: Ball
2-0: Foul Ball, location: 2F
2-1: Foul Ball, location: 2F
2-2: Foul Ball, location: 2F
2-2: Fly out, F3 (Popup, 23F, EV 93.8 MPH)
Top of the 2nd over - 1 run, 2 hits, 0 errors, 1 left on base; Wichita State University 3 - University of Michigan 1
BOTTOM OF THE 2ND
University of Michigan Wolverines batting - Pitching for Wichita State University Shockers : LHP Joe Seaborn
Batting: SHB Elvis Hoying 0-0: Ball
1-0: Called Strike
1-1: Foul Ball, location: 2F
1-2: Ball
2-2: Strikes out swinging
Batting: RHB Mario Cruz 0-0: Foul Ball, location: 2F
0-1: Ground out 6-3 (Groundball, 56, EV 86.2 MPH)
Batting: LHB Lance Sabo 0-0: Foul Ball, location: 2F
0-1: Called Strike
0-2: Ball
1-2: Ground out 1-3 (Groundball, 34S, EV 69.4 MPH)
Bottom of the 2nd over - 0 runs, 0 hits, 0 errors, 0 left on base; Wichita State University 3 - University of Michigan 1
TOP OF THE 3RD
Wichita State University Shockers batting - Pitching for University of Michigan Wolverines : RHP Henrik Berg
Batting: RHB Byron Whitehead 0-0: Called Strike
0-1: Ball
1-1: Called Strike
1-2: Strikes out swinging
Batting: RHB Marvin Coffey 0-0: Ball
1-0: Ball
2-0: Foul Ball, location: 2F
2-1: Ball
3-1: Base on Balls
Batting: RHB Jason Adelstein 0-0: Ball
1-0: Ball
2-0: Ball
3-0: Called Strike
3-1: Called Strike
3-2: Fly out, F8 (Flyball, 8RM, EV 82.5 MPH)
Batting: RHB Lucio Baratta 0-0: Ball
1-0: Ball
2-0: Called Strike
2-1: Ball
3-1: Base on Balls
Marvin Coffey to second
Batting: RHB Jeff Grant 0-0: Ball
1-0: Ball
2-0: Called Strike
2-1: Ball
3-1: Base on Balls
Marvin Coffey to third
Lucio Baratta to second
Batting: LHB Kyle Lee 0-0: Ball
1-0: Ball
2-0: Called Strike
2-1: GRAND SLAM HOME RUN (Line Drive, 9LD, EV 96.9 MPH), Distance : 365 ft
Pitching: RHP Dave Bressler
Batting: SHB Mike Chafe 0-0: Swinging Strike
0-1: Foul Ball, location: 2F
0-2: Ball
1-2: Fly out, F9 (Line Drive, 9S, EV 85.6 MPH)
Top of the 3rd over - 4 runs, 1 hit, 0 errors, 0 left on base; Wichita State University 7 - University of Michigan 1
BOTTOM OF THE 3RD
University of Michigan Wolverines batting - Pitching for Wichita State University Shockers : LHP Joe Seaborn
Batting: LHB Murdock Cranton 0-0: Ball
1-0: DOUBLE (Flyball, 89D, EV 100.0 MPH)
Batting: RHB Gerard Gordijn 0-0: Ball
1-0: Ball
2-0: Ball
3-0: Base on Balls
Batting: RHB Walter Fisher 0-0: Fielders Choice at 2nd, 3-6 (Groundball, 34S, EV 76.9 MPH)
Murdock Cranton to third
Batting: RHB Mike Harden 0-0: Ball
1-0: Ball
2-0: Ball
3-0: Called Strike
3-1: Swinging Strike
3-2: 3-RUN HOME RUN (Line Drive, 7LD, EV 111.2 MPH), Distance : 418 ft
Batting: RHB Allan Dunn 0-0: Called Strike
0-1: Ball
1-1: Ball
2-1: Ball
3-1: Swinging Strike
3-2: Foul Ball, location: 2F
3-2: Base on Balls
Batting: RHB Angus Shanahan 0-0: Called Strike
0-1: Fly out, F9 (Flyball, 9LS, EV 90.0 MPH)
Batting: SHB Elvis Hoying 0-0: Ball
1-0: Foul Ball, location: 2F
1-1: Ball
2-1: Ball
3-1: Ground out 5-3 (Groundball, 15, EV 84.4 MPH)
Bottom of the 3rd over - 3 runs, 2 hits, 0 errors, 1 left on base; Wichita State University 7 - University of Michigan 4
TOP OF THE 4TH
Wichita State University Shockers batting - Pitching for University of Michigan Wolverines : RHP Dave Bressler
Batting: RHB Joe Succo 0-0: Ball
1-0: Fly out, F9 (Flyball, 89M, EV 93.8 MPH)
Batting: RHB Kyle Gill 0-0: Ball
1-0: Ball
2-0: Called Strike
2-1: Called Strike
2-2: SINGLE (Flyball, 34D, EV 81.2 MPH)
Batting: RHB Byron Whitehead 0-0: Ball
1-0: Called Strike
1-1: Ball
2-1: Swinging Strike
2-2: Foul Ball, location: 2F
2-2: Foul Ball, location: 2F
2-2: Strikes out looking
Batting: RHB Marvin Coffey 0-0: Ground out U3 (Groundball, 3, EV 82.5 MPH)
Top of the 4th over - 0 runs, 1 hit, 0 errors, 1 left on base; Wichita State University 7 - University of Michigan 4
BOTTOM OF THE 4TH
University of Michigan Wolverines batting - Pitching for Wichita State University Shockers : LHP Joe Seaborn
Batting: RHB Mario Cruz 0-0: Ball
1-0: DOUBLE (Line Drive, 78D, EV 99.4 MPH)
Batting: LHB Lance Sabo 0-0: Ball
1-0: Foul Ball, location: 2F
1-1: Ball
2-1: Ball
3-1: Foul Ball, location: 2F
3-2: Base on Balls
Batting: LHB Murdock Cranton 0-0: Ball
1-0: Ball
2-0: Ball
3-0: Base on Balls
Mario Cruz to third
Lance Sabo to second
Batting: RHB Gerard Gordijn 0-0: Ball
1-0: Called Strike
1-1: Foul Ball, location: 2F
1-2: Ball
2-2: Strikes out swinging
Pinch Hitting: LHB Dakota Kaempf 0-0: Called Strike
0-1: Called Strike
0-2: Strikes out swinging
Batting: RHB Mike Harden 0-0: Ball
1-0: Ball
2-0: Called Strike
2-1: Foul Ball, location: 2F
2-2: Strikes out looking
Bottom of the 4th over - 0 runs, 1 hit, 0 errors, 3 left on base; Wichita State University 7 - University of Michigan 4
TOP OF THE 5TH
Wichita State University Shockers batting - Pitching for University of Michigan Wolverines : RHP Dave Bressler
Now in LF: Dakota Kaempf
Batting: RHB Jason Adelstein 0-0: Swinging Strike
0-1: Fly out, F7 (Flyball, 7S, EV 85.6 MPH)
Batting: RHB Lucio Baratta 0-0: Ball
1-0: Fly out, F6 (Popup, 6, EV 60.0 MPH)
Batting: RHB Jeff Grant 0-0: Ball
1-0: Called Strike
1-1: Swinging Strike
1-2: Foul Ball, location: 2F
1-2: Foul Ball, location: 2F
1-2: Ball
2-2: Foul Ball, location: 2F
2-2: Ball
3-2: SINGLE (Flyball, 3D, EV 90.0 MPH)
Pitching: RHP Orlando Huizar
Pinch Hitting: SHB Peter Faggard 0-0: Called Strike
0-1: Ball
1-1: Swinging Strike
1-2: Ball
2-2: SINGLE (Groundball, 23, EV 71.2 MPH) (infield hit)
Jeff Grant to second
Batting: SHB Mike Chafe 0-0: 3-RUN HOME RUN (Flyball, 89XD, EV 110.0 MPH), Distance : 414 ft
Batting: RHB Joe Succo 0-0: Called Strike
0-1: Foul Ball, location: 2F
0-2: Fly out, F9 (Line Drive, 9, EV 95.6 MPH)
Top of the 5th over - 3 runs, 3 hits, 0 errors, 0 left on base; Wichita State University 10 - University of Michigan 4
BOTTOM OF THE 5TH
University of Michigan Wolverines batting - Pitching for Wichita State University Shockers : LHP Joe Seaborn
Pitching: LHP Ernesto Ruiz
Now at C: Larry Hogue
Now at SS: Peter Faggard
Now in LF: Greg Burton
Now in CF: Joe Succo
Now in RF: Chad Bosarge
Batting: RHB Allan Dunn 0-0: Called Strike
0-1: Called Strike
0-2: Fly out, F8 (Flyball, 8RD, EV 101.2 MPH)
Batting: RHB Angus Shanahan 0-0: Called Strike
0-1: Swinging Strike
0-2: DOUBLE (Flyball, 78XD, EV 102.5 MPH)
Pinch Hitting: RHB Remie Braakman 0-0: Ball
1-0: Called Strike
1-1: Called Strike
1-2: Ball
2-2: Ball
3-2: Base on Balls
Batting: RHB Mario Cruz 0-0: SINGLE (Line Drive, 8LS, EV 91.9 MPH)
Angus Shanahan to third
Remie Braakman to second
Batting: LHB Lance Sabo 0-0: Called Strike
0-1: Hit by Pitch
Angus Shanahan scores
Remie Braakman to third
Mario Cruz to second
Pinch Hitting: RHB Cesar Rubio 0-0: Ball
1-0: Ball
2-0: Ball
3-0: Called Strike
3-1: Fly out, F9 (Line Drive, 9, EV 93.8 MPH)
Runner from 3rd tags up, SCORES, throw by RF
Mario Cruz to third
Batting: RHB Gerard Gordijn 0-0: Foul Ball, location: 2F
0-1: Ball
1-1: Ball
2-1: Ball
3-1: Foul Ball, location: 2F
3-2: Base on Balls
Lance Sabo to second
Pitching: RHP Keith Wilder
Batting: LHB Dakota Kaempf 0-0: Foul Ball, location: 2F
0-1: Foul Ball, location: 2F
0-2: Strikes out swinging
Bottom of the 5th over - 2 runs, 2 hits, 0 errors, 3 left on base; Wichita State University 10 - University of Michigan 6
TOP OF THE 6TH
Wichita State University Shockers batting - Pitching for University of Michigan Wolverines : RHP Orlando Huizar
Now at C: Don Squire
Now at 1B: Wendell Sarkies
Now at SS: Remie Braakman
Batting: LHB Greg Burton 0-0: Ball
1-0: Ball
2-0: Swinging Strike
2-1: SINGLE (Groundball, 3D, EV 101.9 MPH)
Pinch Hitting: LHB Fletcher Lawton 0-0: Sac Bunt to P - play at second, runner OUT! 1-6
Batting: RHB Larry Hogue 0-0: Foul Ball, location: 2F
0-1: Foul Ball, location: 2F
0-2: Reached on error, E5 (Groundball, 56, EV 100.0 MPH)
Fletcher Lawton to second
Batting: LHB Chad Bosarge 0-0: Called Strike
0-1: Ball
1-1: Ball
2-1: Swinging Strike
2-2: Foul Ball, location: 2F
2-2: Strikes out looking
Pitching: RHP Dave Catano
Batting: LHB Troy Davies 0-0: Fly out, F9 (Line Drive, 89M, EV 110.6 MPH)
Top of the 6th over - 0 runs, 1 hit, 1 error, 2 left on base; Wichita State University 10 - University of Michigan 6
BOTTOM OF THE 6TH
University of Michigan Wolverines batting - Pitching for Wichita State University Shockers : RHP Keith Wilder
Now at 2B: Alex Zeledon
Batting: RHB Quirino Portel 0-0: Ball
1-0: Fly out, F7 (Line Drive, 78M, EV 96.9 MPH)
Batting: RHB Wendell Sarkies 0-0: Foul Ball, location: 2F
0-1: Ball
1-1: Swinging Strike
1-2: Strikes out swinging
Batting: RHB Angus Shanahan 0-0: Fly out, F3 (Line Drive, 34, EV 66.2 MPH)
Bottom of the 6th over - 0 runs, 0 hits, 0 errors, 0 left on base; Wichita State University 10 - University of Michigan 6
TOP OF THE 7TH
Wichita State University Shockers batting - Pitching for University of Michigan Wolverines : RHP Dave Catano
Pitching: LHP Lindsay Adams
Now at 2B: Phillip Blake
Batting: RHB Jeff Grant 0-0: Ball
1-0: Reached on error, E5 (Groundball, 56, EV 79.4 MPH)
Batting: SHB Peter Faggard 0-0: Swinging Strike
0-1: Swinging Strike
0-2: Foul Ball, location: 2F
0-2: Reached on error, E4 (Groundball, 34D, EV 86.9 MPH)
Jeff Grant to third
Pinch Hitting: RHB Jordan Carr 0-0: Foul Ball, location: 2F
0-1: Ball
1-1: Foul Ball, location: 2F
1-2: Ball
2-2: Ball
3-2: SINGLE (Groundball, 6M, EV 108.8 MPH)
Jeff Grant scores
Peter Faggard to second
Pinch Hitting: LHB Carlos Flores 0-0: Fly out, F7 (Flyball, 7LM, EV 94.4 MPH)
Batting: LHB Greg Burton 0-0: Ball
1-0: SINGLE (Line Drive, 34, EV 97.5 MPH)
Peter Faggard to third
Jordan Carr to second
Batting: RHB Alex Zeledon 0-0: Ball
1-0: Called Strike
1-1: Foul Ball, location: 2F
1-2: Ball
2-2: Fly out, F8 (Line Drive, 8RD, EV 85.0 MPH)
Runner from 3rd tags up, SCORES, no throw by CF
Batting: RHB Larry Hogue 0-0: Foul Ball, location: 2F
0-1: Foul Ball, location: 2F
0-2: Ball
1-2: Fielders Choice at 2nd, U4 (Groundball, 4M, EV 103.8 MPH)
Top of the 7th over - 2 runs, 2 hits, 2 errors, 2 left on base; Wichita State University 12 - University of Michigan 6
BOTTOM OF THE 7TH
University of Michigan Wolverines batting - Pitching for Wichita State University Shockers : RHP Keith Wilder
Now at 1B: Jordan Carr
Now in CF: Chad Bosarge
Now in RF: Carlos Flores
Batting: RHB Remie Braakman 0-0: Called Strike
0-1: Ball
1-1: Swinging Strike
1-2: Ball
2-2: Strikes out looking
Batting: SHB Phillip Blake 0-0: Swinging Strike
0-1: Called Strike
0-2: Strikes out swinging
Batting: LHB Lance Sabo 0-0: SINGLE (Groundball, 34D, EV 104.4 MPH) (infield hit)
Batting: RHB Don Squire 0-0: Ball
1-0: Called Strike
1-1: Ball
2-1: Called Strike
2-2: Foul Ball, location: 2F
2-2: 2-RUN HOME RUN (Flyball, 7D, EV 107.5 MPH), Distance : 409 ft
Batting: RHB Gerard Gordijn 0-0: Ball
1-0: Called Strike
1-1: Ball
2-1: Ball
3-1: Base on Balls
Pitching: LHP Blake Gans
Batting: LHB Dakota Kaempf 0-0: Ball
1-0: Ball
2-0: Called Strike
2-1: Ground out 4-3 (Groundball, 4D, EV 105.0 MPH)
Bottom of the 7th over - 2 runs, 2 hits, 0 errors, 1 left on base; Wichita State University 12 - University of Michigan 8
TOP OF THE 8TH
Wichita State University Shockers batting - Pitching for University of Michigan Wolverines : LHP Lindsay Adams
Pitching: LHP Danny Warner
Batting: LHB Chad Bosarge 0-0: Foul Ball, location: 2F
0-1: Ground out 4-3 (Groundball, 4, EV 79.4 MPH)
Batting: LHB Troy Davies 0-0: Called Strike
0-1: Ground out 6-3 (Groundball, 4MD, EV 81.9 MPH)
Batting: RHB Jeff Grant 0-0: Ball
1-0: Ball
2-0: Ball
3-0: Called Strike
3-1: Called Strike
3-2: Foul Ball, location: 2F
3-2: Foul Ball, location: 2F
3-2: Foul Ball, location: 2F
3-2: Foul Ball, location: 2F
3-2: Base on Balls
Batting: SHB Peter Faggard 0-0: Called Strike
0-1: SINGLE (Line Drive, 8LS, EV 109.4 MPH)
Jeff Grant to second
Batting: RHB Jordan Carr 0-0: Called Strike
0-1: Foul Ball, location: 2F
0-2: Foul Ball, location: 2F
0-2: Strikes out looking
Top of the 8th over - 0 runs, 1 hit, 0 errors, 2 left on base; Wichita State University 12 - University of Michigan 8
BOTTOM OF THE 8TH
University of Michigan Wolverines batting - Pitching for Wichita State University Shockers : LHP Blake Gans
Pitching: RHP Shamar Watkins
Batting: RHB Quirino Portel 0-0: Called Strike
0-1: Swinging Strike
0-2: Ball
1-2: Foul Ball, location: 2F
1-2: Ball
2-2: Ball
3-2: Strikes out swinging
Batting: RHB Wendell Sarkies 0-0: Called Strike
0-1: Foul Ball, location: 2F
0-2: Foul Ball, location: 2F
0-2: Strikes out swinging
Batting: RHB Angus Shanahan 0-0: Ball
1-0: DOUBLE (Line Drive, 7LS, EV 103.8 MPH)
Batting: RHB Remie Braakman 0-0: Foul Ball, location: 2F
0-1: Swinging Strike
0-2: Ball
1-2: Foul Ball, location: 2F
1-2: Fly out, F9 (Line Drive, 89M, EV 88.1 MPH)
Bottom of the 8th over - 0 runs, 1 hit, 0 errors, 1 left on base; Wichita State University 12 - University of Michigan 8
TOP OF THE 9TH
Wichita State University Shockers batting - Pitching for University of Michigan Wolverines : LHP Danny Warner
Pitching: RHP Wendell Thomsen
Batting: LHB Carlos Flores 0-0: Ball
1-0: Ball
2-0: Swinging Strike
2-1: Foul Ball, location: 2F
2-2: Ball
3-2: Fly out, F8 (Flyball, 8RD, EV 87.5 MPH)
Pinch Hitting: RHB Rick McGrath 0-0: Swinging Strike
0-1: Ball
1-1: Swinging Strike
1-2: Ball
2-2: Strikes out swinging
Batting: RHB Alex Zeledon 0-0: Called Strike
0-1: Ball
1-1: Foul Ball, location: 2F
1-2: Ball
2-2: Ball
3-2: Foul Ball, location: 2F
3-2: SINGLE (Flyball, 7LS, EV 100.0 MPH)
Pinch Hitting: RHB Tony Ortiz 0-0: Called Strike
0-1: Called Strike
0-2: Foul Ball, location: 2F
0-2: Ball
1-2: Ball
2-2: Strikes out swinging
Top of the 9th over - 0 runs, 1 hit, 0 errors, 1 left on base; Wichita State University 12 - University of Michigan 8
BOTTOM OF THE 9TH
University of Michigan Wolverines batting - Pitching for Wichita State University Shockers : RHP Shamar Watkins
Pitching: RHP Steve Mattes
Now at C: Dane Kelly
Now in LF: Rick McGrath
Batting: SHB Phillip Blake 0-0: Ball
1-0: Foul Ball, location: 2F
1-1: Ball
2-1: Fly out, F8 (Flyball, 8RD, EV 98.1 MPH)
Batting: LHB Lance Sabo 0-0: Ball
1-0: Called Strike
1-1: Foul Ball, location: 2F
1-2: Strikes out swinging
Batting: RHB Don Squire 0-0: Foul Ball, location: 2F
0-1: Fly out, F8 (Flyball, 78M, EV 86.2 MPH)
Bottom of the 9th over - 0 runs, 0 hits, 0 errors, 0 left on base; Wichita State University 12 - University of Michigan 8
Sunday, July 16th , 2023 - OOTP Baseball 24.6 Build 69